 Dungeon Crawl Stone Soup version 0.27.0-65-ge2af304b15 (webtiles) character file.

Game seed: 5519490205946430156

1013 nxtlvl the Cleaver (level 8, -3/63 HPs)
             Began as a White Draconian Berserker on Aug 19, 2021.
             Was a Priest of Trog.
             Slain by an orc warrior (6 damage)
             ... in a bailey.
             The game lasted 00:21:05 (1602 turns).

nxtlvl the Cleaver (White Draconian Berserker)      Turns: 1602, Time: 00:21:07

Health: -3/63      AC:  6    Str: 22    XL:     8   Next: 1%
Magic:  8/8        EV: 17    Int: 10    God:    Trog [***...]
Gold:   184        SH:  0    Dex: 17    Spells: 7/7 levels left

rFire    . . .     SeeInvis .   b - +5 whip of Woe {freeze, Will+ Str+3 Int+2 Dex+4}
rCold    + . .     Faith    .   (no shield)
rNeg     . . .     Spirit   .   (armour unavailable)
rPois    .         Reflect  .   (helmet restricted)
rElec    .         Harm     .   (no cloak)
rCorr    .         Rampage  .   (no gloves)
Will     +....                  (no boots)
Stlth    ++........             (no amulet)
HPRegen  0.20/turn              c - +4 ring of evasion
MPRegen  0.11/turn              (no ring)

@: short of breath, on berserk cooldown, slowed, very slow
A: breathe frost, AC +6, unfitting armour, cold resistance 1, cold-blooded
a: Breathe Frost, Renounce Religion, Berserk, Trog's Hand


You were in a bailey.
You worshipped Trog.
Trog was most pleased with you.
You visited 1 branch of the dungeon, and saw 7 of its levels.
You also visited: Bailey.

You collected 184 gold pieces.

Inventory:

Hand Weapons
 a - a +0 war axe
 b - the +5 whip of Woe (weapon) {freeze, Will+ Str+3 Int+2 Dex+4}
   (You found it on level 4 of the Dungeon)

   It freezes those it strikes, dealing additional cold damage.
   It can also slow down cold-blooded creatures.
   Str:       It affects your strength (+3).
   Int:       It affects your intelligence (+2).
   Dex:       It affects your dexterity (+4).
   Will:      It increases your willpower.
 w - a +1 vorpal scythe
 W - the +12 dagger of Resumed Hostilities {flame, rF++ Will- rCorr SInv}
   (You found it on level 4 of the Dungeon)

   It burns those it strikes, dealing additional fire damage.
   rF:        It greatly protects you from fire.
   SInv:      It lets you see invisible.
   rCorr:     It protects you from acid and corrosion.
   Will:      It decreases your willpower.
Missiles
 k - 17 bolts
 m - 2 throwing nets (quivered)
 n - 5 datura-tipped darts
 r - 54 sling bullets
 x - 12 arrows
Armour
 A - a +0 tower shield
Jewellery
 c - a +4 ring of evasion (left hand)
Wands
 i - a wand of iceblast (9)
Scrolls
 d - 4 scrolls of teleportation
 h - a scroll of amnesia {unknown}
 j - 2 scrolls of noise
 v - a scroll of blinking {unknown}
 y - a scroll of enchant armour {unknown}
Potions
 e - a potion of might {unknown}
 f - a potion of magic {unknown}
 g - a potion of heal wounds {unknown}
 l - a potion of invisibility {unknown}
 o - 2 potions of brilliance {unknown}
 p - a potion of berserk rage {unknown}
 q - a potion of curing {unknown}
 s - 2 potions of flight {unknown}
 t - a potion of degeneration {unknown}
 u - 2 potions of haste
 z - a potion of lignification {unknown}


   Skills:
 + Level 3.5 Fighting
 * Level 9.6 Axes
 + Level 2.9 Dodging


You had 7 spell levels left.
You didn't know any spells.
Your spell library was empty.

Dungeon Overview and Level Annotations

Branches:
Dungeon (7/15)             Temple (0/1) D:6          Bailey (1/1)

Altars:

Shops:
D:1 ::*


Innate Abilities, Weirdness & Mutations

You can breathe waves of freezing cold which knock back foes.
Your icy white scales are hard. (AC +6)
You cannot fit into any form of body armour.
Your flesh is cold resistant. (rC+)
You are cold-blooded and may be slowed by cold attacks.


Message History

You whack the orc! You freeze the orc.
You kill the orc!
Trog accepts your kill.
An orc warrior comes into view. It is wielding a +0 halberd.
Things that are here:
a +0 war axe; a potion of haste
u - 2 potions of haste (gained 1)
The orc warrior shouts!
Okay, then.
Press: ? - help, Shift-Dir - straight line, f - you
Okay, then.
Unknown command.
Aiming: Iceblast
Press: ? - help, Shift-Dir - straight line
Okay, then.
Okay, then.
Press: ? - help, Shift-Dir - straight line, f - orc warrior
Aim: an orc warrior, wielding a +0 halberd and wearing a +0 plate armour You exhale a wave of freezing cold.
The freezing breath hits the orc warrior.
The orc warrior is lightly wounded.
The orc warrior is blown backwards by the freezing wind.
The orc warrior closely misses you.
You see here a +0 war axe.
You hit the orc warrior but do no damage.
You tail-slap the orc warrior.
The orc warrior is lightly wounded.
The orc warrior hits you with a +0 halberd!
You closely miss the orc warrior.
You tail-slap the orc warrior, but do no damage.
The orc warrior is lightly wounded.
The orc warrior hits you with a +0 halberd.
* * * LOW HITPOINT WARNING * * *
You hit the orc warrior but do no damage.
You tail-slap the orc warrior, but do no damage.
The orc warrior is lightly wounded.
The orc warrior hits you with a +0 halberd!
* * * LOW HITPOINT WARNING * * *
The orc warrior hits you with a +0 halberd.
You die...

#######
##..∩..##
#)@)....#
#∩)o)..∩#
#)).)...#
#..))...#
#)......#
#.......#
#)......#
#.......#
#.......#


You could see an orc warrior.

Vanquished Creatures
  Sigmund (D:5)
  Menkaure (D:4)
  An orc warrior (Bailey)
  2 scorpions (D:6)
  2 bullfrogs
  A bullfrog zombie (D:5)
  A hound (D:6)
  Natasha (thrice) (D:3)
  3 orc wizards
  3 gnolls
  4 adders
  2 shadow imps
  2 ufetubi
  2 worms
  A dart slug (D:4)
  23 orcs
  3 endoplasms
  2 giant cockroaches
  9 goblins
  3 hobgoblins
  5 jackals
  A kobold (D:3)
  3 quokkas
  2 ball pythons
  A bat (D:3)
  3 frilled lizards
  2 rats
86 creatures vanquished.

Notes
Turn   | Place    | Note
-------+----------+-------------------------------------------
     0 | D:1      | nxtlvl the Draconian Berserker began the quest for the Orb.
     0 | D:1      | Reached XP level 1. HP: 19/19 MP: 1/1
    26 | D:1      | Found Rumannap's Book Boutique.
   108 | D:1      | Found Luugoo's Book Boutique.
   240 | D:1      | Found Giz Owex's Assorted Antiques.
   248 | D:1      | Reached XP level 2. HP: 23/26 MP: 2/2
   382 | D:2      | Reached skill level 4 in Axes
   428 | D:1      | Found a faded altar of an unknown god.
   480 | D:3      | Reached XP level 3. HP: 31/31 MP: 3/3
   481 | D:3      | Reached ** piety under Trog
   531 | D:2      | Reached XP level 4. HP: 37/38 MP: 4/4
   554 | D:3      | Reached skill level 5 in Axes
   612 | D:3      | Noticed Natasha
   640 | D:3      | Killed Natasha
   701 | D:3      | Reached XP level 5. HP: 39/45 MP: 5/5
   719 | D:3      | Noticed Natasha
   730 | D:3      | Killed Natasha
   731 | D:3      | Reached skill level 6 in Axes
   808 | D:4      | Identified the +5 whip of Woe {freeze, Will+ Str+3 Int+2
                  | Dex+4}
   840 | D:5      | Entered Level 5 of the Dungeon
   840 | D:5      | Noticed Sigmund
   846 | D:5      | Killed Sigmund
   847 | D:5      | Reached skill level 7 in Axes
   847 | D:5      | Reached XP level 6. HP: 51/51 MP: 6/6
   872 | D:5      | Noticed an orc warrior
   941 | D:3      | Noticed Natasha
   947 | D:3      | Killed Natasha
   983 | D:4      | Noticed Menkaure
   990 | D:4      | Killed Menkaure
   991 | D:4      | Reached skill level 8 in Axes
   991 | D:4      | Your scales start taking on an icy white colour.
   991 | D:4      | Reached XP level 7. HP: 57/57 MP: 7/7
   991 | D:4      | Gained mutation: Your flesh is cold resistant. (rC+) [White
                  | Draconian growth]
   996 | D:4      | Identified the +12 dagger of Resumed Hostilities {flame,
                  | rF++ Will- rCorr SInv}
  1192 | D:6      | Reached skill level 9 in Axes
  1335 | D:7      | Reached *** piety under Trog
  1355 | D:6      | Found a staircase to the Ecumenical Temple.
  1390 | D:7      | Found a flagged portal.
  1410 | Bailey   | Entered a bailey
  1580 | Bailey   | Reached XP level 8. HP: 44/63 MP: 8/8
  1602 | Bailey   | HP: 3/63 [orc warrior (15)]
  1602 | Bailey   | Slain by an orc warrior

Illustrated notes

Levels and vault maps discovered:
D:1:      dpeg_arrival_another_circle, layout_basic,
          ebering_ecumenical_altar_box, serial_shops, shop, shop, shop
D:2:      layout_loops_cross, minmay_misc_feat_iff
D:3:      layout_rooms, uniq_natasha
D:4:      layout_loops_ring, uniq_menkaure
D:5:      layout_rooms, nicolae_yredelemnul_corpse_copse, nrook_mini_vaults,
          minmay_fractal_squares_gapless_5, uniq_grinder, uniq_sigmund,
          uniq_crazy_yiuf_cottage
D:6:      layout_basic, minmay_temple_entry_from_below_a
D:7:      layout_rooms, enter_bailey_3, david_defended_altar_orc, uniq_joseph
Bailey:   bailey_polearm_5, bailey

Skill      XL: |  1  2  3  4  5  6  7 |
---------------+----------------------+-----
Axes           | 4 5 7 8 9 |  9.6
Fighting       | |  3.5
Dodging        | |  2.9

Action                   |  1- 3 |  4- 6 |  7- 9 || total
-------------------------+-------+-------+-------++-------
Melee: Hand axe          |    51 |    66 |    18 ||   135
       Tailslap          |     5 |    16 |    22 ||    43
       Whip              |       |    30 |    88 ||   118
Invok: Berserk           |     1 |     3 |     2 ||     6
 Abil: Breathe Frost     |       |       |     4 ||     4
  Use: Scroll            |       |       |     2 ||     2
 Stab: Sleeping          |       |       |     2 ||     2
Armor: Skin              |     9 |    13 |    21 ||    43
Dodge: Dodged            |    34 |    55 |    85 ||   174
